 Dungeon Crawl Stone Soup version 0.22-a0-455-ga0624bf62c (webtiles) character file.

707 Kriby the Spear-Bearer (level 7, -4/45 HPs)
             Began as a Merfolk Skald on June 5, 2018.
             Was an Initiate of Hepliaklqana.
             Slain by a slave (8 damage)
             ... led by Pikel
             ... on level 5 of the Dungeon.
             The game lasted 00:08:08 (7511 turns).

Kriby the Spear-Bearer (Merfolk Skald)              Turns: 7511, Time: 00:08:09

Health: -4/45      AC:  4    Str: 14    XL:     7   Next: 67%
Magic:  0/10       EV: 14    Int: 12    God:    Hepliaklqana [......]
Gold:   224        SH:  0    Dex: 13    Spells: 9/10 levels left

rFire    + + .     SeeInvis .   a - +0 spear
rCold    + + +     Gourm    .   (no shield)
rNeg     . . .     Faith    .   e - +1 robe {rC+ rF+}
rPois    .         Spirit   +   (no helmet)
rElec    .         Reflect  .   l - scarf {rC+ rF+}
rCorr    .         Harm     .   o - +0 pair of gloves
MR       .....                  (no boots)
Stlth    +.........             m - amulet of guardian spirit
HPRegen  0.15/turn              c - ring of protection from cold
MPRegen  0.12/turn              (no ring)

@: no status effects
A: change form in water, swift swim, stealthy swim, reduced essence
a: Recall Ancestor, Ancestor Identity, Renounce Religion


You were on level 5 of the Dungeon.
You worshipped Hepliaklqana.
Hepliaklqana was noncommittal.
You were not hungry.

You visited 2 branches of the dungeon, and saw 7 of its levels.

You collected 224 gold pieces.

Inventory:

Hand Weapons
 a - a +0 spear (weapon)
Missiles
 k - 8 javelins (quivered)
Armour
 b - a +0 leather armour
 e - a +1 robe of resistance (worn)
 l - a scarf of resistance (worn)
 o - a +0 pair of gloves (worn)
Jewellery
 c - a ring of protection from cold (left hand)
 m - an amulet of guardian spirit (around neck)
 p - an uncursed amulet of faith
Wands
 f - a wand of flame (9)
Scrolls
 g - 4 scrolls of identify {@r1}
 q - a scroll of amnesia
 r - a scroll of remove curse {@r2}
Potions
 j - a potion of curing {@q1}
 u - a potion of flight
Comestibles
 d - 5 rations {@e1}


   Skills:
 - Level 2.1 Fighting
 * Level 11.0 Polearms
 - Level 0.6 Armour
 + Level 4.9 Dodging
 - Level 2.0 Spellcasting
 - Level 3.2 Charms


You had 9 spell levels left.
You knew the following spells:

 Your Spells              Type           Power        Failure   Level  Hunger
a - Infusion              Chrm           #...         7%          1    ##.....

Your spell library contained the following spells:

 Spells                   Type           Power        Failure   Level  Hunger
 Regeneration             Chrm/Necr      #.........   38%         3    ####...
 Shroud of Golubria       Chrm/Tloc      #.........   22%         2    ###....
 Song of Slaying          Chrm           #.......     11%         2    ###....
 Spectral Weapon          Hex/Chrm       #.......     38%         3    ####...


Dungeon Overview and Level Annotations

Branches:
Dungeon (6/15)             Temple (1/1) D:5

Altars:
Ashenzari
Cheibriados
Dithmenos
Elyvilon
Fedhas
Gozag
Hepliaklqana
Makhleb
Nemelex Xobeh
Okawaru
Qazlal
Sif Muna
Trog
Uskayaw
Vehumet
Wu Jian
Xom
Yredelemnul
Zin

Annotations:
D:3 NoiZ's ghost, amateur OpFE
D:5 Dowan; Duvessa; Pikel


Message History

* * * LOW HITPOINT WARNING * * *
You barely miss Pikel.
Pikel is heavily wounded.
Pikel waves a pair of manacles at you.
As you read the scroll labeled TAUMESHR GI FOI, it crumbles to dust.
The creatures around you are filled with an inner flame!
It was a scroll of immolation.
Pikel hits you with a whip of electrocution!
* * * LOW HITPOINT WARNING * * *
As you read the scroll labeled RASIOS WYENO, it crumbles to dust.
It is a scroll of amnesia.
Okay, then.
Pikel waves his whip at you.
Pikel hits you with a whip of electrocution.
* * * LOW HITPOINT WARNING * * *
As you read the scroll labeled LUGEPS POTSYE, it crumbles to dust.
The scroll dissolves into smoke.
It was a scroll of fog.
The slave hits you.
* * * LOW HITPOINT WARNING * * *
The slave hits you!
You die...

### ## ### #.# ###.##### #
#.#####.###.§§##.<## # #
##......##§§§§#####.# ##
#####..#...#..§p@## #.# ##.
..#..##....#...pK# #.## ###..
#...###....##.§p## ##.####..##
##.###.....##..p# #.#....###
#..........##...## ##....### #
#................# ###....##
#.......#........####.......##
#....######.............##...##
...### ##............###...###


You could see Pikel (inner flame) and 4 slaves.

Vanquished Creatures
  An ice beast (D:5)
  An ogre (D:4)
  A scorpion (D:5)
  A hound (D:5)
  An orc priest (D:4)
  A centaur skeleton (D:4)
  2 iguanas
  Jessica (D:2)
  Terence (D:2)
  3 worker ants
  A hound skeleton (D:4)
  9 adders
  An ooze (D:4)
  A worm (D:3)
  2 dart slugs
  4 leopard geckos
  6 orcs
  3 ball pythons
  8 bats
  8 giant cockroaches
  12 goblins
  7 hobgoblins
  7 jackals
  A quokka (D:3)
  5 frilled lizards
  A giant cockroach zombie (D:5)
  7 kobolds
  6 rats
102 creatures vanquished.

Vanquished Creatures (others)
  An ancestor (D:5)
1 creature vanquished.

Grand Total: 103 creatures vanquished

Notes
Turn   | Place    | Note
-------+----------+-------------------------------------------
     0 | D:1      | Kriby the Merfolk Skald began the quest for the Orb.
     0 | D:1      | Reached XP level 1. HP: 16/16 MP: 3/3
    84 | D:1      | Reached skill level 4 in Polearms
    84 | D:1      | Reached XP level 2. HP: 16/22 MP: 5/5
   548 | D:1      | Reached skill level 5 in Polearms
   548 | D:1      | Reached XP level 3. HP: 25/27 MP: 6/6
  1368 | D:2      | Reached skill level 6 in Polearms
  1379 | D:2      | Reached XP level 4. HP: 33/33 MP: 7/7
  1569 | D:2      | Noticed Terence
  1597 | D:2      | Killed Terence
  1660 | D:2      | Noticed Jessica
  1836 | D:2      | Killed Jessica
  1836 | D:2      | Reached skill level 7 in Polearms
  1836 | D:2      | Reached XP level 5. HP: 16/38 MP: 8/8
  2177 | D:2      | Found a blossoming altar of Fedhas.
  2692 | D:2      | Reached skill level 8 in Polearms
  2803 | D:2      | Found an iron altar of Okawaru.
  2805 | D:2      | Found a blossoming altar of Fedhas.
  2805 | D:2      | Found a shattered altar of Ashenzari.
  2805 | D:2      | Found an ornate altar of the Wu Jian Council.
  2806 | D:2      | Found a stormy altar of Qazlal.
  2806 | D:2      | Found a radiant altar of Vehumet.
  2806 | D:2      | Found a basalt altar of Yredelemnul.
  3139 | D:3      | Found a hide-covered altar of Uskayaw.
  3139 | D:3      | Found a deep blue altar of Sif Muna.
  3553 | D:3      | Noticed NoiZ's ghost (amateur OpFE)
  3902 | D:3      | Found an iron altar of Okawaru.
  3916 | D:3      | Reached XP level 6. HP: 44/44 MP: 9/9
  3967 | D:3      | Found a faded altar of an unknown god.
  4095 | D:4      | Reached skill level 9 in Polearms
  4215 | D:4      | Found a snail-covered altar of Cheibriados.
  5058 | D:5      | Entered Level 5 of the Dungeon
  5103 | D:4      | Reached skill level 10 in Polearms
  5103 | D:4      | Reached XP level 7. HP: 41/50 MP: 8/10
  5896 | D:5      | Noticed Pikel
  6444 | D:5      | Found a staircase to the Ecumenical Temple.
  6585 | D:5      | Noticed Duvessa
  6585 | D:5      | Noticed Dowan
  6634 | D:5      | Reached skill level 11 in Polearms
  6875 | Temple   | Entered the Ecumenical Temple
  7195 | Temple   | Became a worshipper of Hepliaklqana the Forgotten
  7511 | D:5      | Slain by a slave

Vault maps used:
D:1:      sevenhm_arrival_forest_fort_large_4, interstate_on_off, minmay_tall_x
D:2:      grunt_temple_overflow_open, first_ration, fedhas_altar_3,
          uniq_jessica, uniq_terence
D:3:      amethyst_overflow_temple_binary, chequers_ecumenical_altar_twisty,
          okawaru_gym_becter
D:4:      cheibriados_altar_1
D:5:      minmay_temple_entry_crystal_x, uniq_pikel, uniq_duvessa
D:6:      basic_altar
Temple:   compressed_dpeg_triangle_lava_temple

Skill      XL: |  1  2  3  4  5  6  7 |
---------------+----------------------+-----
Polearms       | 4 5 6 7 8 10 11 | 11.0
Dodging        | 4 |  4.9
Fighting       | |  2.1
Armour         | |  0.6
Spellcasting   | |  2.0
Charms         | |  3.2

Action                   |  1- 3 |  4- 6 |  7- 9 || total
-------------------------+-------+-------+-------++-------
Melee: Spear             |   170 |   329 |   192 ||   691
Invok: Recall Ancestor   |       |       |     1 ||     1
Evoke: Wand              |       |     2 |    16 ||    18
  Use: Potion            |     3 |     3 |     2 ||     8
       Scroll            |       |     3 |     5 ||     8
 Stab: Sleeping          |     3 |     3 |       ||     6
  Eat: Chunk             |     1 |    12 |     5 ||    18
       Ration            |       |       |     1 ||     1
Armor: Leather armour    |    45 |       |       ||    45
       Skin              |     7 |       |       ||     7
       Robe              |       |    27 |    21 ||    48
Dodge: Dodged            |    96 |   122 |    85 ||   303

Table legend:
 A = Spawn XP
 B = Non-spawn XP
 C = Spawn XP percentage of total XP
 D = Spawn monster count
 E = Non-spawn monster count
 F = Spawn count percentage of total count
 G = Total turns spent on level
                    A         B        C        D         E        F      G
               +---------+---------+-------+---------+---------+-------+---------
         Total |       0 |    1010 |   0.0 |       0 |     102 |   0.0 |  7511
               +---------+---------+-------+---------+---------+-------+---------
           D:1 |       0 |      68 |   0.0 |       0 |      30 |   0.0 |  1434
           D:2 |       0 |     171 |   0.0 |       0 |      32 |   0.0 |  1800
           D:3 |       0 |      82 |   0.0 |       0 |      11 |   0.0 |   749
           D:4 |       0 |     370 |   0.0 |       0 |      17 |   0.0 |  1369
           D:5 |       0 |     319 |   0.0 |       0 |      12 |   0.0 |  1821
               +---------+---------+-------+---------+---------+-------+---------
